 Dungeon Crawl Stone Soup version 0.27.1-1-g398f81649c (webtiles) character file.

Game seed: 4294289755935329868

2 Rickety the Sneak (level 1, -1/9 HPs)
             Began as a Spriggan Enchanter on Sept 18, 2021.
             Killed from afar by a dart slug (5 damage)
             ... with a slug dart
             ... on level 1 of the Dungeon.
             The game lasted 00:00:23 (48 turns).

Rickety the Sneak (Spriggan Enchanter)                Turns: 48, Time: 00:00:23

Health: -1/9       AC:  2    Str:  4    XL:     1   Next: 33%
Magic:  4/5        EV: 17    Int: 16    God:
Gold:   0          SH:  0    Dex: 15    Spells: 4/5 levels left

rFire    . . .     SeeInvis +   a - +1 dagger
rCold    . . .     Faith    .   (shield restricted)
rNeg     . . .     Spirit   .   b - +0 robe
rPois    .         Reflect  .   (helmet restricted)
rElec    .         Harm     .   (no cloak)
rCorr    .         Rampage  .   (gloves unavailable)
Will     .....                  (boots unavailable)
Stlth    +++.......             (no amulet)
HPRegen  0.03/turn              (no ring)
MPRegen  0.09/turn              (no ring)

@: very quick
A: very small, no large weapons, unfitting armour, see invisible, speed 3
a: no special abilities


You were on level 1 of the Dungeon.
You visited 1 branch of the dungeon, and saw 1 of its levels.

Inventory:

Hand Weapons
 a - a +1 dagger (weapon)
Armour
 b - a +0 robe (worn)
Magical Staves
 d - a staff of death
Potions
 c - a potion of flight {unknown}


   Skills:
 + Level 1.1 Short Blades
 + Level 2.6 Dodging
 * Level 4.6 Stealth
 + Level 2.8 Spellcasting
 + Level 3.6 Hexes


You had 4 spell levels left.
You knew the following spells:

 Your Spells              Type           Power      Damage    Failure   Level
a - Corona                Hex            14%        N/A       4%          1

Your spell library contained the following spells:

 Spells                   Type           Power      Damage    Failure   Level
 Confusing Touch          Hex            13%        N/A       13%         3
 Tukima's Dance           Hex            13%        N/A       13%         3
 Ensorcelled Hibernation  Hex/Ice        16%        N/A       14%         2
 Dazzling Flash           Conj/Hex       16%        N/A       26%         3


Dungeon Overview and Level Annotations

Branches:
Dungeon (1/15)

Altars:

Shops:
D:1 :


Innate Abilities, Weirdness & Mutations

You are very small and have problems with some larger weapons.
You are too small for most types of armour.
You have supernaturally acute eyesight. (SInv)
You cover ground extremely quickly. (Speed+++)


Message History

Found a club.
You see here a staff of death.
d - a staff of death You see here a +0 club.
A bat comes into view.
A rat comes into view.
The helpless bat fails to defend itself.
You impale the bat!!
You kill the bat!
Found a stone staircase leading down.
The helpless rat fails to defend itself.
You impale the rat!!
You kill the rat!
Found a book of Flames.
A kobold comes into view. It is wielding a +0 short sword.
A dart slug comes into view.
Found a scroll labelled UPNOIR GEBLANO.
Found Tudwiwn's Book Emporium.
A hobgoblin comes into view.
You hit the dart slug.
The dart slug is moderately wounded.
The dart slug bites you.
The hobgoblin shouts!
The dart slug launches a dart at you. The slug dart misses you.
Casting: Corona (safe; 4% risk of failure)
Confirm with . or Enter, or press ? or * to list all spells.
Aiming: Corona (safe; 4% risk of failure)
Press: ? - help, Shift-Dir - straight line, f - kobold
Aim: a kobold, wielding a +0 short sword (chance to affect: 67%)
The kobold is outlined in light.
The kobold hits you with a +0 short sword.
You hit the kobold but do no damage. The kobold misses you.
You hit the kobold.
You kill the kobold!
You see here a rat corpse.
The dart slug launches a dart at you. The slug dart hits you.
Ouch! That really hurt!
You die...

#...##..##......##..
#...................
#...######......####
#...)...............
#.##################
#.###...# #.#.>.# ..
#....# .. ##.@.# .
##.†.# .#
#..#.##.####
#...........
#.....#.####
##.##.#.##
######w#.....#.
#.....g........#
#............###


You could see a dart slug and a hobgoblin.

Vanquished Creatures
  A bat (D:1)
  A kobold (D:1)
  A rat (D:1)
3 creatures vanquished.

Notes
Turn   | Place    | Note
-------+----------+-------------------------------------------
     0 | D:1      | Rickety the Spriggan Enchanter began the quest for the Orb.
     0 | D:1      | Reached XP level 1. HP: 9/9 MP: 5/5
    30 | D:1      | Found Tudwiwn's Book Emporium.
    48 | D:1      | Killed from afar by a dart slug

Illustrated notes

Levels and vault maps discovered:
D:1:      dpeg_arrival_line_fractal, layout_rooms, serial_shops, shop,
          nicolae_shop_trees, hangedman_decor_riveting

Action                   || total
-------------------------++-------
Melee: Dagger            ||     5
 Cast: Corona            ||     1
 Stab: Sleeping          ||     2
Dodge: Dodged            ||     2
